 Dungeon Crawl Stone Soup version 0.21.1 (webtiles) character file.

683 rlgrobin the Skirmisher (level 7, -1/56 HPs)
             Began as a Demonspawn Monk on Feb 2, 2018.
             Was a Believer of Qazlal.
             Slain by a wight
             ... wielding a +0 falchion
              (2 damage)
             ... on level 6 of the Dungeon.
             The game lasted 00:19:03 (6281 turns).

rlgrobin the Skirmisher (Demonspawn Monk)           Turns: 6281, Time: 00:19:04

Health: -1/56      AC:  6    Str: 12    XL:     7   Next: 35%
Magic:  0/7        EV: 14    Int: 12    God:    Qazlal [**....]
Gold:   222        SH: 10    Dex: 16    Spells: 6/6 levels left

rFire    + . .     SeeInvis .     - Unarmed
rCold    . . .     Gourm    .   r - +0 buckler
rNeg     . . .     Faith    .   w - +1 robe {Archmagi}
rPois    .         Spirit   +   (no helmet)
rElec    .         Reflect  +   (no cloak)
rCorr    +         Harm     .   v - +0 pair of gloves (curse)
MR       .....                  (no boots)
Stlth    ++........             t - +2 amulet of reflection
HPRegen  0.18/turn              l - ring of resist corrosion
MPRegen  0.20/turn              z - ring of protection from fire

@: drained
A: thin metallic scales 1, spiny 1, magic shield, magic regeneration
a: Upheaval, Renounce Religion


You were on level 6 of the Dungeon.
You worshipped Qazlal.
Qazlal was pleased with you.
You were hungry.

You visited 1 branch of the dungeon, and saw 6 of its levels.

You collected 222 gold pieces.


Innate Abilities, Weirdness & Mutations

You are partially covered in thin metallic scales. (AC +2)
You are partially covered in sharp spines.
When hurt, damage is shared between your health and your magic reserves.
You regenerate magic rapidly.


   Skills:
 + Level 5.1(4.3) Fighting
 + Level 4.6(3.8) Dodging
 - Level 2.5(1.7) Stealth
 + Level 2.6(1.9) Shields
 + Level 4.5(3.8) Unarmed Combat


You had 6 spell levels left.
You didn't know any spells.

Inventory:

Hand Weapons
 y - a +1 scimitar of slicing
Armour
 a - a +0 robe
 d - a +0 cloak
 j - a +0 helmet
 q - a +0 pair of boots
 r - a +0 buckler (worn)
 s - a +2 large shield of protection
 v - a cursed +0 pair of gloves (worn)
 w - a +1 robe of the Archmagi (worn)
Jewellery
 c - an uncursed ring of flight
 h - an uncursed amulet of harm
 l - a ring of resist corrosion (left hand)
 p - an uncursed ring of wizardry
 t - a +2 amulet of reflection (around neck)
 z - a ring of protection from fire (right hand)
Scrolls
 f - 4 scrolls of remove curse
 k - 2 scrolls of fear
 o - 3 scrolls of identify {@r1}
 x - a scroll of enchant armour {unknown}
 B - a scroll of enchant weapon {unknown}
Potions
 e - a potion of curing {unknown}
 g - a potion of degeneration {!q}
 i - 2 potions of brilliance
 m - a potion of ambrosia
 u - a potion of agility {unknown}
Comestibles
 b - 9 rations

Dungeon Overview and Level Annotations

Branches:
Dungeon (6/15)
 Temple: D:4-7

Altars:
Kikubaaqudgha
Qazlal

Annotations:
D:4 Crazy Yiuf

...▒ ...▒
...▒▒▒ ▒
..... .
...▒▒▒▒ ▒.
!z....▒
▒.▒▒▒▒z..▒
...▒6oz.▒
▒.▒o▒▒▒▒
▒▒..Z▒
▒.<..▒
▒.▒▒..▒
... ▒▒....
[..p▒
▒▒...
....▒.
.▒..
....▒. ▒ .


You could see a slave, 3 wights, an orc priest, an orc wizard and a howler
monkey skeleton.


Message History

* * * don't die
* * * The wight is struck by your spines!
The wight hits you with a falchion!!! * * * don't die
* * * A howler monkey skeleton comes into view!
You take 17 damage, and have 12/56 hp!
MASSIVE DAMAGE!!!!!!
You now have 0/7 mp!
You completely miss the orc priest!
The orc priest is lightly wounded!
The wight hits you from afar with a halberd of freezing! * * * don't die
* * * The wight freezes you! * * * don't die
* * * The orc priest hits you but does no damage!
The orc wizard casts a spell at you! The magic dart hits you!!!
The wight closely misses you!
You take 4 damage, and have 8/56 hp!
You pulverise the orc priest but do no damage!
The orc priest is lightly wounded!
You block the wight's attack!
The orc priest hits you with a club! * * * don't die
* * * The orc wizard is struck by your spines!
The orc wizard hits you but does no damage!
A slave comes into view!
You take 4 damage, and have 4/56 hp!
You squash the orc priest but do no damage!
The orc priest is lightly wounded!
The wight hits you with a falchion! * * * don't die
* * * You feel drained! rip

Action                   |  1- 3 |  4- 6 |  7- 9 || total
-------------------------+-------+-------+-------++-------
Melee: Unarmed           |   168 |   170 |    46 ||   384
       Punch             |     1 |       |       ||     1
Invok: Upheaval          |       |       |     1 ||     1
  Use: Scroll            |     5 |     6 |       ||    11
       Potion            |     2 |     5 |     1 ||     8
 Stab: Sleeping          |     3 |     2 |       ||     5
  Eat: Chunk             |     4 |     7 |     2 ||    13
       Ration            |       |     1 |       ||     1
Armor: Robe              |    40 |    30 |     8 ||    78
       Skin              |       |    35 |       ||    35
Dodge: Dodged            |   131 |    96 |    21 ||   248
Block: Buckler           |       |    66 |    27 ||    93

Vault maps used:
D:1:      dpeg_arrival_renting
D:2:      nicolae_overflow_hidden_temple, minmay_stone_trees_small
D:4:      old_standard_altar, first_ration, uniq_crazy_yiuf_cottage
D:5:      lemuel_crystal_altar, uniq_blork_the_orc
D:6:      marbit_many_paths, kennysheep_mini, hangedman_ru_absence,
          temple_green, kennysheep_nondescript, uniq_pikel, uniq_duvessa,
          uniq_edmund

Notes
Turn   | Place    | Note
-------+----------+-------------------------------------------
     0 | D:1      | rlgrobin the Demonspawn Monk began the quest for the Orb.
     0 | D:1      | Reached XP level 1. HP: 18/18 MP: 1/1
   296 | D:1      | Reached skill level 2 in Stealth
   362 | D:1      | Gained mutation: When hurt, damage is shared between your health and your magic reserves. [demonic ancestry]
   362 | D:1      | Reached XP level 2. HP: 23/24 MP: 2/2
   821 | D:1      | Reached skill level 3 in Dodging
  1369 | D:2      | Reached skill level 3 in Unarmed Combat
  1404 | D:2      | Gained mutation: You are partially covered in thin metallic scales. (AC +2) [demonic ancestry]
  1404 | D:2      | Reached XP level 3. HP: 25/29 MP: 3/3
  2473 | D:3      | Reached XP level 4. HP: 24/35 MP: 2/4
  3727 | D:4      | Found a stormy altar of Qazlal.
  3746 | D:4      | Became a worshipper of Qazlal Stormbringer
  3746 | D:4      | Reached * piety under Qazlal
  3746 | D:4      | Reached ** piety under Qazlal
  3760 | D:4      | Reached skill level 4 in Fighting
  3836 | D:4      | Reached XP level 5. HP: 42/42 MP: 5/5
  4154 | D:4      | Found a runed door.
  4469 | D:4      | Noticed Crazy Yiuf
  4600 | D:5      | Entered Level 5 of the Dungeon
  4614 | D:5      | Noticed a centaur
  4620 | D:5      | HP: 4/42 [centaur/arrow (7)]
  5286 | D:4      | Reached skill level 1 in Shields
  5294 | D:5      | Killed a centaur
  5294 | D:5      | Reached skill level 4 in Dodging
  5294 | D:5      | Gained mutation: You are partially covered in sharp spines. [demonic ancestry]
  5294 | D:5      | Reached XP level 6. HP: 49/49 MP: 4/6
  5315 | D:5      | Reached skill level 4 in Unarmed Combat
  5407 | D:5      | Identified a potion of resistance
  5410 | D:5      | Reached skill level 2 in Shields
  5501 | D:5      | Gained mutation: You regenerate magic rapidly. [demonic ancestry]
  5501 | D:5      | Reached XP level 7. HP: 17/55 MP: 4/7
  5787 | D:5      | Noticed Blork the orc
  5795 | D:5      | Killed Blork the orc
  5795 | D:5      | Reached skill level 5 in Fighting
  5809 | D:5      | Identified a +1 robe of the Archmagi (You took it off Blork the orc on level 5 of the Dungeon)
  5895 | D:5      | Reached *** piety under Qazlal
  6043 | D:5      | Found an ancient bone altar of Kikubaaqudgha.
  6280 | D:6      | HP: 4/56 [orc priest/club (5)]
  6281 | D:6      | HP: 1/56 [wight/falchion (3)]
  6281 | D:6      | Slain by a wight

Vanquished Creatures
  An ogre (D:5)
  2 centaurs (D:5)
  Blork the orc (D:5)
  A hound (D:4)
  An orc priest (D:5)
  2 orc wizards
  A bullfrog skeleton (D:5)
  An iguana (D:5)
  3 gnolls (D:4)
  A howler monkey skeleton (D:4)
  8 adders
  A shadow imp (D:5)
  An adder zombie (D:5)
  A worm (D:2)
  3 dart slugs
  4 leopard geckos
  11 orcs
  2 ball pythons
  5 bats
  4 giant cockroaches
  2 hobgoblins (D:2)
  7 jackals
  4 quokkas
  3 frilled lizards
  8 goblins
  A jackal skeleton (D:5)
  2 kobolds (D:2)
  A leopard gecko skeleton (D:4)
  A leopard gecko zombie (D:5)
  4 rats
87 creatures vanquished.
